 Dungeon Crawl Stone Soup version 0.31-a0-851-g7ff8af7976 (webtiles) character file.

Game seed: 1234571218854633578

2314 BinkBink the Skirmisher (level 9, -1/41 HPs)
             Began as a Spriggan Hunter on Oct 7, 2023.
             Slain by a wyvern (16 damage)
             ... on level 7 of the Dungeon.
             The game lasted 00:13:16 (6726 turns).

BinkBink the Skirmisher (Spriggan Hunter)           Turns: 6726, Time: 00:13:17

Health: -1/41      AC:  2    Str:  7    XL:     9   Next: 18%
Magic:  10/10      EV: 18    Int: 11    God:
Gold:   503        SH:  0    Dex: 22    Spells: 8/8 levels left

rFire   . . .        a - +0 shortbow
rCold   . . .        (shield currently unavailable)
rNeg    . . .        c - +0 robe
rPois   +            (helmet restricted)
rElec   .            (no cloak)
rCorr   .            (gloves unavailable)
SInv    +            (boots unavailable)
Will    +....        (no amulet)
Stlth   ++           m - ring of poison resistance
HPRegen 0.26/turn    (no ring)
MPRegen 0.12/turn

%: no passive effects
@: very quick
A: very small, no large weapons, unfitting armour, see invisible, speed 3
a: no special abilities


You were on level 7 of the Dungeon.
You visited 1 branch of the dungeon, and saw 7 of its levels.
You also visited: Ossuary.

You collected 503 gold pieces.

Inventory:

Hand Weapons
 a - a +0 shortbow (weapon)
Missiles
 e - 4 throwing nets
Armour
 c - a +0 robe (worn)
Jewellery
 l - a ring of fire
 m - a ring of poison resistance (left hand)
 J - a +6 ring of strength
Wands
 r - a wand of charming (7)
 t - a wand of flame (19)
 v - a wand of light (11)
 E - a wand of iceblast (12)
 G - a wand of mindburst (6)
 H - a wand of polymorph (2)
Scrolls
 b - 2 scrolls of butterflies
 d - 3 scrolls of enchant armour
 f - 2 scrolls of fear
 g - 5 scrolls of teleportation
 k - a scroll of blinking
 o - 2 scrolls of vulnerability
 s - a scroll of immolation
 y - a scroll of amnesia
 B - a scroll of noise
 D - 4 scrolls of poison
 F - a scroll of fog
Potions
 h - 3 potions of mutation {unknown}
 i - 5 potions of heal wounds {unknown}
 j - 2 potions of enlightenment {unknown}
 n - 3 potions of might {unknown}
 p - 2 potions of degeneration {unknown}
 q - 2 potions of berserk rage {unknown}
 u - 2 potions of haste {unknown}
 w - 2 potions of lignification {unknown}
 x - 3 potions of curing {unknown}
 z - a potion of magic {unknown}
 A - a potion of brilliance {unknown}
 C - a potion of cancellation {unknown}
 I - a potion of experience {unknown}


   Skills:
 - Level 1.5 Fighting
 * Level 12.8 Ranged Weapons
 - Level 2.6 Dodging
 - Level 1.5 Stealth


You had 8 spell levels left.
You didn't know any spells.
Your spell library contained the following spells:

 Spells                   Type           Power      Damage    Failure   Level
 Slow                     Hex            0%         N/A       34%         1
 Sting                    Tmut/Pois      0%         1d3       34%         1
 Poisonous Vapours        Pois/Air       0%         N/A       47%         2
 Scorch                   Fire           0%         2d5       47%         2
 Sublimation of Blood     Necr           0%         N/A       47%         2
 Wereblood                Tmut           0%         N/A       47%         2
 Confusing Touch          Hex            0%         N/A       71%         3
 Dazzling Flash           Conj/Hex       0%         N/A       71%         3
 Sigil of Binding         Hex            0%         N/A       71%         3
 Vampiric Draining        Necr           0%         2d6       71%         3
 Flame Wave               Conj/Fire      0%         2d4       98%         4
 Olgreb's Toxic Radiance  Pois           0%         N/A       98%         4
 Agony                    Necr           0%         N/A       100%        5
 Silence                  Hex/Air        0%         N/A       100%        5
 Summon Cactus Giant      Summ           0%         N/A       100%        6
 Summon Hydra             Summ           0%         N/A       100%        7


Dungeon Overview and Level Annotations

Branches:
Dungeon (7/15)            Ossuary (visited)
 Temple: D:4-7

Altars:
Cheibriados
Kikubaaqudgha
Okawaru
Trog
Uskayaw

Shops:
D:1 =(   D:4 [

Annotations:
D:6 1 runed translucent door, Blork the orc, Crazy Yiuf
D:7 Joseph


Innate Abilities, Weirdness & Mutations

You are very small and have problems with some larger weapons.
You are too small for most types of armour.
You have supernaturally acute eyesight. (SInv)
You cover ground extremely quickly. (Speed+++)


Message History

You hear an angry buzzing noise.
You shoot an arrow.
The arrow hits the centaur but does no damage.
The centaur is moderately wounded.
Something shouts, "Scamper hence, thou bawdy idle-headed yak-dropping!"
The centaur shoots an arrow.
The arrow hits you.
You hear a loud, deep croak!
You hear a shout!
You shoot an arrow. The arrow barely misses the centaur.
The centaur shoots an arrow.
The arrow closely misses you.
You hear a shout!
You shoot an arrow. The arrow barely misses the centaur.
The arrow hits the bullfrog!
The bullfrog is heavily wounded.
The centaur shoots an arrow.
The arrow hits you!
You hear a shout!
You hear an angry hiss.
You shoot an arrow. The arrow hits the centaur.
The centaur is moderately wounded.
The centaur shoots an arrow.
The arrow hits you.
You shoot an arrow. The arrow hits the centaur!
The centaur is almost dead.
A wyvern comes into view.
The centaur shoots an arrow.
The arrow hits you.
You hear a shout!
You shoot an arrow. The wyvern hisses angrily.
The arrow hits the centaur.
You kill the centaur!
A killer bee comes into view.
The killer bee moves out of view.
You shoot an arrow. The arrow hits the wyvern.
The wyvern is lightly wounded.
You shoot an arrow. The arrow completely misses the wyvern.
The arrow hits the bullfrog.
The bullfrog is heavily wounded.
You shoot an arrow. The arrow hits the wyvern!
The wyvern is heavily wounded.
A bullfrog comes into view.
The wyvern attacks as it pursues you! The wyvern bites you!
The wyvern attacks as it pursues you! The wyvern bites you!
You die...

.......#.##............#
##.##....##.####...###.#
.#.#..#..##.####...###.#####.#
.....##.....(..#.............#
.._.......#.##.#.......#######
.....##..##.##.........#
.#.#..#..##............#
##.##...######......#.##
.......## #.@#....# .##.#..#
#.l#.##.# .# .##.# #.......# .
?. #..Fy...# . ###...### ..
#...# #..... ........
###.#####F#


You could see a wyvern, a bullfrog and a killer bee.

Vanquished Creatures
  Grinder (D:4)
  Sigmund (D:2)
  Eustachio (D:6)
  A water moccasin (D:6)
  A black bear (D:2)
  An ogre (D:4)
  2 centaurs
  A phantom (D:4)
  2 scorpions (D:5)
  5 wights (D:6)
  A howler monkey (D:5)
  4 hounds (D:6)
  A gnoll bouda (D:6)
  An orc priest (D:5)
  4 jellies
  2 sleepcaps
  2 iguanas
  3 orc wizards (D:5)
  9 mummies
  Robin (D:2)
  13 adders
  3 white imps
  3 ufetubi
  2 worms
  5 dart slugs
  9 orcs
  10 bats
  12 endoplasms
  3 giant cockroaches
  11 hobgoblins
  7 jackals
  8 kobolds
  5 quokkas
  10 ball pythons
  3 frilled lizards
  A gnoll zombie (Ossuary)
  13 goblins
  A goblin zombie (D:4)
  4 hobgoblin zombies (Ossuary)
  A kobold zombie (Ossuary)
  2 orc zombies (Ossuary)
  7 rats
  A rat zombie (D:4)
178 creatures vanquished.

Notes
Turn   | Place    | Note
-------+----------+-------------------------------------------
     0 | D:1      | BinkBink the Spriggan Hunter began the quest for the Orb.
     0 | D:1      | Reached XP level 1. HP: 10/10 MP: 2/2
    48 | D:1      | Found a faded altar of an unknown god.
   116 | D:1      | Reached XP level 2. HP: 14/14 MP: 3/3
   383 | D:1      | Found Qimaoschu's One-of-a-Kind Rings.
   769 | D:1      | Found Ylycki's Antique Weapon Boutique.
   864 | D:1      | Reached skill level 5 in Ranged Weapons
   901 | D:1      | Reached XP level 3. HP: 16/18 MP: 4/4
  1312 | D:2      | Reached XP level 4. HP: 22/22 MP: 5/5
  1530 | D:2      | Noticed a black bear
  1598 | D:2      | Killed a black bear
  1599 | D:2      | Reached skill level 6 in Ranged Weapons
  1599 | D:2      | Reached XP level 5. HP: 25/25 MP: 6/6
  1666 | D:2      | Noticed Sigmund
  1792 | D:2      | Killed Sigmund
  1793 | D:2      | Reached skill level 7 in Ranged Weapons
  1793 | D:2      | Reached XP level 6. HP: 16/30 MP: 7/7
  2126 | D:3      | Noticed Robin
  2230 | D:2      | Killed Robin
  2647 | D:3      | Reached skill level 8 in Ranged Weapons
  3302 | D:4      | Reached XP level 7. HP: 33/33 MP: 8/8
  3596 | D:4      | Found a sand-covered staircase.
  3611 | Ossuary  | Entered an ossuary
  4053 | Ossuary  | Reached skill level 9 in Ranged Weapons
  4291 | D:4      | Found Sifuitt's Antique Armour Shoppe.
  4365 | D:4      | Noticed Grinder
  4451 | D:4      | Killed Grinder
  4571 | D:4      | Reached skill level 10 in Ranged Weapons
  4778 | D:4      | Found a snail-covered altar of Cheibriados.
  4808 | D:4      | Reached XP level 8. HP: 37/37 MP: 9/9
  4838 | D:5      | Entered Level 5 of the Dungeon
  5526 | D:5      | Reached skill level 11 in Ranged Weapons
  5527 | D:5      | Found an ancient bone altar of Kikubaaqudgha.
  5527 | D:5      | Found a hide-covered altar of Uskayaw.
  5621 | D:6      | Found a bloodstained altar of Trog.
  5758 | D:6      | Noticed Eustachio
  5770 | D:6      | Killed Eustachio
  5816 | D:6      | Reached skill level 12 in Ranged Weapons
  5865 | D:6      | Reached XP level 9. HP: 34/41 MP: 10/10
  5928 | D:6      | Found a runed translucent door.
  5929 | D:6      | Noticed Crazy Yiuf
  6138 | D:6      | Noticed Blork the orc
  6558 | D:7      | Found an iron altar of Okawaru.
  6669 | D:7      | Noticed Joseph
  6726 | D:7      | Slain by a wyvern

Illustrated notes

Levels and vault maps discovered:
D:1:      nicolae_arrival_memento_mori, layout_basic, serial_shops, shop,
          dreamdust_ecumenical_altar_grove, nicolae_shop_unique_rings,
          minmay_misc_feat_diagonals, chequers_arboretum
D:2:      layout_loops_cross, serial_forest, infiniplex_forest_straight_5,
          infiniplex_forest_lined_3, infiniplex_forest_join,
          infiniplex_forest_clump_diagonal, infiniplex_forest_lined_ring,
          infiniplex_forest_straight_4, infiniplex_forest_end_3,
          infiniplex_forest_straight_2, minmay_tromino_i4, uniq_sigmund
D:3:      layout_loops_ring, minmay_misc_feat_hallway, minmay_misc_feat_rows,
          minivault_14, minmay_stone_trees_small, minmay_increasing_density,
          uniq_robin
D:4:      layout_loops_corners, chei_slow_surprise, serial_shops, shop,
          enter_ossuary_4, uniq_grinder
D:5:      layout_rooms, gammafunk_temple_overflow_statue, nrook_loot_triangle,
          kennysheep_minor_cross, chequers_decorated_corner
D:6:      layout_gridville, bloody_trog, minmay_checkerbox, uniq_blork_the_orc,
          uniq_eustachio, uniq_crazy_yiuf_cottage
D:7:      minmay_the_grid_square_5x5_3x3 [minmay_the_grid_square_5x5_meh,
          minmay_the_grid_square_5x5_broken_cross,
          minmay_the_grid_square_5x5_fancy_junction,
          minmay_the_grid_square_5x5_moneybag,
          minmay_the_grid_square_5x5_megaprize_checkered,
          minmay_the_grid_square_5x5_beaten_path,
          minmay_the_grid_square_5x5_inset, minmay_the_grid_square_5x5_minibox,
          minmay_the_grid_square_5x5_half_checkered], layout_loops_cross,
          zin_angel, tgw_sif, mainiacjoe_overflow_small_starburst,
          minmay_temple_entry_enclosed_plants, kennysheep_windowed_goal,
          uniq_joseph

Skill      XL: |  1  2  3  4  5  6  7  8 |
---------------+-------------------------+-----
Ranged Weapons | 5 6 7 8 10 12 | 12.8
Fighting       | |  1.5
Dodging        | |  2.6
Stealth        | |  1.5

Action                     |  1- 3 |  4- 6 |  7- 9 || total
---------------------------+-------+-------+-------++-------
   Fire: Shortbow          |   139 |   181 |   412 ||   732
    Use: Scroll            |       |     5 |     5 ||    10
 Armour: Robe              |    14 |    26 |    35 ||    75
  Dodge: Dodged            |    56 |    62 |    69 ||   187

Table legend: (Time is in decaauts)
 A = Elapsed time spent in this place.
 B = Non-inter-level travel time spent in this place.
 C = Inter-level travel time spent in this place.
 D = Time resting spent in this place.
 E = Time spent auto-exploring this place.
 F = Levels seen in this place.
 G = Mean time per level.
                   A        B        C        D        E       F      G
               +--------+--------+--------+--------+--------+-----+--------+
         Total |   4982 |   4827 |    155 |    621 |   2955 |   8 |  622.8 |
       Dungeon |   4446 |   4291 |    155 |    282 |   2895 |   7 |  635.1 |
       Ossuary |    535 |    535 |      0 |    339 |     59 |   1 |  535.0 |
               +--------+--------+--------+--------+--------+-----+--------+

Top non-repeatable levels by time:
     D:4: 993 daAuts
     D:1: 847 daAuts
     D:2: 813 daAuts
     D:5: 605 daAuts
     D:6: 553 daAuts
     D:3: 540 daAuts
 Ossuary: 535 daAuts
     D:7: 93 daAuts
